AoeStats
← Samouele

Nomad

510432500Analyzed
4v4 RM · 14h ago on Oct 1, 2026· 61m 43s· 8 players
Game mode
Random Map
Map size
231×231
Population
200
Speed
Normal
Resources
Standard
Victory
Conquest
Starting age
Dark Age
Ending age
Imperial Age
RankedLock teamsTeams togetherTeam positionsShared explorationLock speedFull tech treeHidden civsTurbo modeCheats
Victory
Defeat
🇦🇺 Wu · Australia
1227
+16
🇺🇸 Dravidians · United States
1225
+16
🇺🇸 Danes · United States
1182
+17
🇲🇽 Maya · Mexico
1177
+18
🇨🇦 Vikings · Canada
1310
-21
🇨🇱 Spanish · Chile
1206
-16
🇦🇷 Armenians · Argentina
1188
-15
🇨🇦 Dravidians · Canada
1166
-15
Gabito
13:22 Feudal Age
13:59 Double-Bit Axe
16:19 Loom
17:24 Padded Archer Armor
17:36 Bloodlines
20:54 Castle Age
21:55 Leather Archer Armor
22:12 Medium Warships
22:37 Fletching
22:45 Gold Mining
23:17 Husbandry
23:31 Horse Collar
30:58 Wheelbarrow
30:14 Town Watch
34:51 Hand Cart
34:37 Heavy Plow
34:43 Bodkin Arrow
35:06 Bow Saw
39:20 Light Cavalry
46:39 Imperial Age
47:30 Hussar
48:25 Scale Barding Armor
48:31 Forging
49:06 Ring Archer Armor
50:29 Chain Barding Armor
55:47 Plate Barding Armor
55:54 Iron Casting
61:55 Blast Furnace
Samouele
4:38 Loom
12:27 Feudal Age
13:42 Double-Bit Axe
17:34 Town Watch
21:21 Castle Age
19:58 Fletching
20:40 Fishing Lines
22:10 Gillnets
23:06 Horse Collar
24:57 Bodkin Arrow
25:57 Crossbowman
28:53 Medium Warships
30:07 Gold Mining
33:48 Imperial Age
32:03 Bow Saw
31:54 Heavy Plow
35:21 Ballistics
35:03 Bracer
36:46 Chemistry
37:52 Arbalester
39:27 Padded Archer Armor
39:55 Squires
40:07 Elite Varangian Guard
40:48 Scale Mail Armor
42:17 Town Patrol
42:36 Masonry
42:06 Treadmill Crane
42:50 Leather Archer Armor
43:12 Bogsveigar
44:57 Ring Archer Armor
46:25 Forging
49:08 Man-at-Arms
50:19 Long Swordsman
51:20 Chain Mail Armor
51:11 Two-Handed Swordsman
53:09 Champion
54:52 Plate Mail Armor
54:56 Conscription
57:17 Iron Casting
The Wizard
6:00 Loom
13:14 Feudal Age
15:01 Double-Bit Axe
18:50 Castle Age
19:29 Fletching
21:02 Bow Saw
25:54 Man-at-Arms
28:55 Medium Warships
30:07 Padded Archer Armor
33:59 Imperial Age
32:40 Wheelbarrow
35:29 Hand Cart
35:39 Bodkin Arrow
36:48 Leather Archer Armor
41:12 Forging
41:03 Scale Mail Armor
43:38 Bracer
50:58 Elite Skirmisher
54:44 Conscription
55:38 Ring Archer Armor
55:32 Elite Elephant Archer
57:51 Elite Elephant Archer
Sacchetti
9:27 Loom
13:33 Feudal Age
14:08 Man-at-Arms
15:42 Double-Bit Axe
18:13 Castle Age
16:18 Arson
16:52 Fishing Lines
17:50 Forging
17:45 Long Swordsman
24:05 Two-Handed Swordsman
26:14 Bow Saw
27:27 Wheelbarrow
27:01 Gambesons
27:18 Scale Mail Armor
36:45 Imperial Age
36:14 Gold Mining
37:04 Iron Casting
38:00 Champion
41:44 Horse Collar
43:38 Chain Mail Armor
43:31 Gillnets
44:10 Heavy Plow
44:41 Fereters
46:58 Conscription
47:12 Squires
48:45 Blast Furnace
50:28 Hand Cart
51:32 Plate Mail Armor
53:27 Chemistry
53:53 Fletching
54:03 Padded Archer Armor
58:15 Treadmill Crane
58:55 Ballistics
61:56 Bodkin Arrow
62:16 Leather Archer Armor
Trailmaker
4:16 Loom
13:31 Feudal Age
14:01 Double-Bit Axe
18:47 Castle Age
18:08 Fletching
18:44 Gold Mining
19:43 Medium Warships
22:21 Bow Saw
23:24 Bodkin Arrow
27:20 Ballistics
26:52 Fishing Lines
28:09 Clinker Construction
28:11 Careening
28:12 Horse Collar
28:48 Town Watch
29:04 Gillnets
30:47 Padded Archer Armor
32:03 Stone Mining
33:57 Wheelbarrow
34:26 Murder Holes
34:25 Guard Tower
34:30 Murder Holes
35:27 Leather Archer Armor
39:30 Imperial Age
37:06 Heavy Plow
37:27 Thumb Ring
39:40 Hand Cart
42:56 Conscription
45:31 Chemistry
44:42 Masonry
43:59 Elite Elephant Archer
44:41 Bracer
46:15 Arrowslits
47:05 Keep
47:34 Town Patrol
48:42 Two-Man Saw
49:35 Medical Corps
50:09 Hoardings
48:55 Elite Urumi Swordsman
50:08 Scale Mail Armor
50:38 Ring Archer Armor
51:24 Chain Mail Armor
51:19 Forging
51:20 Squires
51:06 Arson
54:27 Plate Mail Armor
54:33 Iron Casting
58:52 Wootz Steel
61:28 Blast Furnace
60:17 Siege Elephant
Fenrir
3:45 Loom
14:03 Feudal Age
18:16 Castle Age
18:20 Double-Bit Axe
19:44 Bow Saw
22:43 Horse Collar
23:40 Fletching
25:45 Wheelbarrow
26:14 Bodkin Arrow
27:59 Hand Cart
28:23 Padded Archer Armor
31:19 Ballistics
32:59 Hul'che Javelineers
34:16 Heavy Plow
34:51 Treadmill Crane
42:50 Imperial Age
42:15 Fishing Lines
43:39 Bracer
43:02 Elite Plumed Archer
44:18 Holcans
44:12 Leather Archer Armor
45:10 Conscription
44:51 Scale Mail Armor
45:03 Forging
44:15 Eagle Warrior
45:20 Elite Eagle Warrior
46:18 Chain Mail Armor
47:12 Squires
47:50 Iron Casting
48:20 Two-Man Saw
49:12 Plate Mail Armor
50:22 Blast Furnace
53:42 Ring Archer Armor
52:51 Elite Skirmisher
54:38 Arson
55:34 Crop Rotation
60:07 Town Watch
ValleyMage
5:06 Loom
12:12 Feudal Age
16:15 Castle Age
15:36 Double-Bit Axe
15:42 Gold Mining
16:21 Scale Mail Armor
16:33 Forging
17:33 Bow Saw
18:00 Horse Collar
23:29 Squires
25:52 Chain Mail Armor
27:14 Arson
27:30 Hamask
28:15 Fletching
28:28 Padded Archer Armor
27:53 Elite Skirmisher
30:30 Leather Archer Armor
31:49 Iron Casting
32:54 Thumb Ring
34:37 Bodkin Arrow
36:20 Ballistics
38:43 Imperial Age
39:35 Masonry
40:26 Chemistry
39:41 Bracer
41:28 Ring Archer Armor
42:20 Conscription
45:40 Elite Jomsviking
JSJE
3:47 Loom
13:15 Feudal Age
14:57 Town Watch
20:06 Castle Age
18:02 Stone Mining
17:59 Double-Bit Axe
19:18 Fletching
21:42 Bodkin Arrow
24:46 Bow Saw
35:53 Horse Collar
36:42 Scale Mail Armor
36:52 Forging
37:53 Squires
39:30 Medium Warships
54:34 Heavy Plow
55:12 Ballistics
55:39 Red Cliffs Tactics
55:56 Padded Archer Armor
60:28 Imperial Age
59:24 Leather Archer Armor
61:13 Bracer
62:15 Chemistry
60:39 Elite Fire Archer
Connection lost

Rejoining the realm…

Still unreachable

The connection could not be restored.

Session expired

The server has moved on; the page needs a fresh start.